Map: Newkirk Precinct TE (Void)

Players

Naffy

  • Race: Terran Terran
  • League: Master
  • Spawn Location: 5:00

A.I. 2 (Harder) - Winner!

  • Race: Zerg Zerg
  • Spawn Location: 7:00

VOD

Have the link to the VOD?

Description

Time

  • Played on: Dec. 6, 2016, 2:55 p.m.
  • Length: 11:20
Show
View Real Time Build Order
Export as new Build Order

Naffy Terran 

Build Orders: Reaper Expand, Hellion Banshee, Mech 

Get SALT Encoding   

  12  0:00  SCV  
  13  0:13  SCV  
  14  0:18  Supply Depot  
  14  0:25  SCV  
  15  0:40  SCV  
  15  0:41  Barracks  
  16  0:44  Refinery  
  16  0:52  SCV  
  17  1:04  SCV  
  18  1:16  SCV  
  19  1:29  Reaper, Orbital Command  
  20  1:41  Command Center  
  20  1:54  SCV  
  20  1:55  Supply Depot  
  20  2:01  Marine  
  22  2:06  Factory  
  23  2:08  SCV  
  23  2:13  Refinery  
  23  2:20  SCV  
  23  2:22  Barracks Reactor  
  24  2:32  SCV  
  24  2:44  SCV  
  25  2:53  Starport  
  25  2:54  Orbital Command  
  25  2:57  SCV  
  26  3:04  Hellion x2  
  30  3:08  Barracks Tech Lab  
  30  3:09  SCV  
  31  3:17  Supply Depot  
  31  3:21  SCV x2  
  31  3:26  Hellion x2  
  37  3:34  Cloaking Field  
  37  3:35  Banshee  
  37  3:39  SCV x2  
  42  3:51  SCV x2, Hellion x2  
  48  3:57  Armory  
  48  4:00  Supply Depot  
  48  4:04  SCV x2  
  48  4:07  Supply Depot  
  50  4:14  Hellion x2  
  54  4:22  SCV x2, Banshee  
  59  4:29  Supply Depot  
  59  4:34  SCV x2  
  61  4:44  Command Center  
  61  4:47  SCV x2  
  61  4:52  Refinery  
  63  4:53  Refinery  
  63  4:57  Hellion x2  
  67  5:09  SCV x2  
  67  5:20  Hellion x2, Banshee  
  74  5:21  SCV  
  74  5:22  SCV  
  76  5:30  Armory  
  76  5:33  SCV  
  76  5:34  SCV, Factory  
  78  5:37  Factory  
  78  5:43  Supply Depot x2  
  78  5:53  Barracks Tech Lab  
  78  5:55  SCV x2  
  78  5:56  Hellion  
  78  5:57  Hellion, Orbital Command  
  84  6:06  Supply Depot, Engineering Bay  
  84  6:08  SCV x2  
  86  6:15  Starport Reactor  
  86  6:18  Orbital Command  
  86  6:20  SCV x2  
  86  6:22  Hellion x2  
  92  6:32  Supply Depot, SCV x2  
  94  6:33  Supply Depot, Infernal Pre-Igniter  
  94  6:36  Thor  
  94  6:37  Siege Tank  
  103  6:44  SCV  
  103  6:45  SCV x2  
  106  6:49  Liberator x2, Hellion x2  
  106  6:51  Terran Vehicle Weapons Level 1  
  106  6:52  Terran Vehicle And Ship Armor Level 1  
  110  6:57  Supply Depot  
  110  6:58  Supply Depot  
  110  7:00  SCV x2  
  110  7:01  SCV  
  119  7:12  SCV  
  119  7:13  SCV x2  
  122  7:18  Siege Tank  
  122  7:20  Supply Depot  
  122  7:22  Supply Depot  
  125  7:24  SCV, Refinery  
  125  7:25  SCV x2, Siege Tank, Refinery  
  131  7:30  Hellion  
  131  7:31  Hellion  
  135  7:37  SCV x2  
  135  7:38  SCV  
  135  7:42  Liberator x2  
  135  7:43  Supply Depot  
  138  7:44  Supply Depot  
  138  7:57  Command Center  
  138  8:03  Siege Tank  
  147  8:05  Supply Depot  
  147  8:08  Supply Depot  
  147  8:09  Siege Tank  
  147  8:10  Command Center  
  147  8:11  Hellion  
  147  8:12  Hellion  
  154  8:29  Missile Turret  
  154  8:30  Missile Turret  
  154  8:32  Missile Turret  
  154  8:35  Siege Tank  
  154  8:36  Hellion x2  
  154  8:39  Supply Depot  
  161  8:51  Terran Vehicle Weapons Level 2, Terran Vehicle And Ship Armor Level 2  
  161  8:52  Factory x2, Starport Reactor  
  161  8:57  Hellion x2  
  165  9:10  Siege Tank x2  
  165  9:14  Missile Turret  
  165  9:16  Missile Turret  
  171  9:17  Missile Turret  
  171  9:18  Missile Turret  
  171  9:19  Hellion x2  
  171  9:20  Missile Turret x2  
  171  9:21  Missile Turret x3, Planetary Fortress  
  175  9:25  Missile Turret, Planetary Fortress  
  175  9:36  Factory Tech Lab  
  175  9:45  Refinery, Siege Tank x2  
  181  9:46  Missile Turret  
  181  9:47  Refinery  
  181  9:49  Command Center  
  181  9:52  Liberator x2, Hellion x3  
  187  9:53  Hellion  
  175  10:12  Siege Tank  
  175  10:13  Hellion x2  
  175  10:14  Hellion  
  190  10:15  Hellion  
  190  10:17  Siege Tank  
Show
View Real Time Build Order
Export as new Build Order

A.I. 2 (Harder) Zerg - Winner!

Build Orders: Hatch First 

Get SALT Encoding   

  12  0:00  Drone  
  13  0:13  Overlord  
  13  0:18  Drone  
  14  0:31  Drone x2  
  14  0:34  Drone  
  17  0:55  Hatchery  
  17  0:56  Drone  
  17  1:11  Spawning Pool  
  16  1:13  Drone  
  16  1:16  Drone  
  18  1:19  Extractor  
  18  1:21  Drone  
  18  1:28  Overlord  
  18  1:39  Drone  
  19  1:59  Queen  
  19  2:00  Zergling x4  
  23  2:02  Roach Warren  
  23  2:06  Drone  
  23  2:07  Extractor  
  22  2:11  Drone  
  23  2:17  Zergling x2  
  24  2:23  Drone  
  25  2:31  Lair  
  23  2:48  Zergling x2  
  24  2:52  Zergling x2  
  24  2:54  Zergling x2  
  26  3:01  Extractor, Drone  
  26  3:14  Extractor, Drone  
  26  3:19  Overlord  
  28  3:20  Roach  
  28  3:32  Infestation Pit, Drone  
  28  3:40  Drone  
  29  3:44  Drone  
  29  3:46  Drone  
  31  3:49  Ravager  
  31  3:50  Roach  
  31  3:54  Drone  
  35  3:56  Overlord  
  35  4:00  Drone  
  36  4:03  Hydralisk Den  
  35  4:12  Drone  
  35  4:14  Drone  
  37  4:18  Drone  
  37  4:21  Drone  
  37  4:24  Drone  
  40  4:28  Drone  
  41  4:33  Roach  
  43  4:39  Overlord  
  45  4:45  Roach  
  45  4:57  Hydralisk  
  45  4:58  Ravager  
  48  5:03  Overlord  
  48  5:10  Zergling x2  
  48  5:12  Zergling x2  
  48  5:13  Overseer  
  36  5:19  Queen  
  36  5:20  Roach, Zergling x2  
  41  5:22  Zergling x2  
  42  5:33  Hydralisk  
  44  5:46  Ravager, Roach  
  47  5:52  Drone  
  47  5:55  Drone  
  49  5:58  Ravager, Drone, Hydralisk  
  53  6:08  Overlord  
  53  6:10  Hydralisk  
  55  6:11  Drone  
  55  6:14  Drone  
  55  6:16  Drone  
  58  6:21  Drone  
  58  6:24  Drone  
  60  6:26  Drone, Hydralisk  
  60  6:27  Drone  
  64  6:33  Overlord  
  64  6:35  Drone  
  65  6:40  Metabolic Boost  
  65  6:44  Drone  
  65  6:46  Drone  
  67  6:51  Evolution Chamber  
  66  6:55  Drone  
  66  6:57  Roach, Drone  
  66  6:58  Drone x2  
  72  7:05  Drone  
  73  7:09  Roach  
  75  7:16  Overlord, Zerg Ground Armor Level 1  
  75  7:18  Burrow  
  75  7:19  Drone  
  76  7:27  Drone  
  80  7:30  Roach, Drone  
  80  7:34  Overlord, Drone  
  81  7:38  Drone  
  81  7:41  Drone  
  81  7:42  Ravager x2  
  85  7:48  Roach  
  87  7:55  Overlord  
  87  8:01  Roach  
  89  8:07  Baneling Nest  
  89  8:09  Spore Crawler  
  89  8:10  Overseer  
  89  8:12  Spore Crawler, Hydralisk  
  86  8:13  Spore Crawler  
  86  8:14  Overlord  
  86  8:15  Drone  
  88  8:21  Spore Crawler, Drone  
  88  8:24  Hydralisk  
  88  8:25  Queen  
  92  8:29  Queen  
  92  8:33  Overlord  
  94  8:36  Hydralisk  
  94  8:38  Spine Crawler  
  94  8:39  Drone  
  96  8:43  Spine Crawler  
  96  8:44  Drone  
  96  8:47  Spine Crawler, Drone  
  96  8:49  Hydralisk  
  96  8:52  Spine Crawler, Drone  
  98  9:00  Spire, Drone  
  98  9:01  Hydralisk  
  100  9:04  Evolution Chamber  
  100  9:05  Drone  
  100  9:10  Zerg Melee Weapons Level 1  
  100  9:14  Roach  
  104  9:24  Pneumatized Carapace, Roach  
  104  9:27  Infestor  
  106  9:34  Hatchery  
  105  9:45  Pathogen Glands  
  105  9:48  Glial Reconstitution  
  105  9:56  Zergling x2  
  93  10:01  Roach  
  93  10:05  Ravager, Hydralisk  
  69  10:07  Overseer  
  69  10:09  Roach  
  69  10:12  Hydralisk  
  73  10:15  Hydralisk  
  73  10:20  Roach  
  77  10:23  Roach  
  77  10:27  Roach  
  81  10:30  Hydralisk  
  81  10:34  Hydralisk  
  85  10:37  Hydralisk  
  85  10:41  Hydralisk  
  89  10:47  Zergling x2, Drone  
  89  10:48  Drone x3  
  93  10:50  Spore Crawler, Drone  
  93  10:51  Drone x3  
  93  10:52  Spore Crawler, Drone  
  93  10:54  Drone  
  93  10:56  Drone  
  98  10:57  Ravager, Drone  
  98  10:58  Drone  
  98  10:59  Roach  
Tags
 
Add a new tag
Caveats
  • Supply blocks, unpowered buildings, or Contaminate may cause inaccurate times.
  • Supply counts are checked every 10 seconds.